 Dungeon Crawl Stone Soup version 0.25-a0-248-g18654cfe15 (webtiles) character file.

Game seed: 5211580452546627061, levelgen mode: deterministic

40 MrRokkomies the Skirmisher (level 3, -4/33 HPs)
             Began as a Ghoul Monk on Dec 4, 2019.
             Slain by a worm (8 damage)
             ... on level 2 of the Dungeon.
             The game lasted 00:02:55 (1041 turns).

MrRokkomies the Skirmisher (Ghoul Monk)             Turns: 1041, Time: 00:02:55

Health: -4/33      AC:  6    Str: 15    XL:     3   Next: 50%
Magic:  2/2        EV: 10    Int:  5    God:
Gold:   67         SH:  0    Dex: 11    Spells: 2/2 levels left

rFire    . . .     SeeInvis .   a - +0 mace
rCold    + . .     Gourm    .   (no shield)
rNeg     + + +     Faith    .   d - +0 scale mail
rPois    ∞         Spirit   .   (no helmet)
rElec    .         Reflect  .   (no cloak)
rCorr    .         Harm     .   (no gloves)
MR       .....                  (no boots)
Stlth    ..........             j - amulet of inaccuracy (curse)
HPRegen  0.00/turn              (no ring)
MPRegen  0.08/turn              (no ring)

@: rotting
A: rotting body, claws 1, carnivore, cold resistance 1, negative energy
resistance 3, inhibited regeneration, torment resistance, unbreathing
a: no special abilities


You were on level 2 of the Dungeon.
You were not hungry.

You visited 1 branch of the dungeon, and saw 2 of its levels.

You collected 67 gold pieces.

Inventory:

Hand Weapons
 a - a +0 mace (weapon)
Missiles
 k - 27 stones (quivered)
 l - 17 arrows
Armour
 d - a +0 scale mail (worn)
Jewellery
 j - a cursed amulet of inaccuracy (around neck)
Scrolls
 e - a scroll of amnesia
Potions
 b - a potion of invisibility {unknown}
 f - a potion of might
 g - a potion of agility {unknown}
 i - a potion of curing {unknown}
Comestibles
 c - 4 rations
 h - 4 chunks of flesh


   Skills:
 * Level 4.0 Fighting
 * Level 3.3 Maces & Flails
 + Level 3.0 Dodging
 - Level 2.1 Stealth


You had 2 spell levels left.
You didn't know any spells.
Your spell library was empty.

Dungeon Overview and Level Annotations

Branches:
Dungeon (2/15)

Altars:


Innate Abilities, Weirdness & Mutations

Your body is rotting away.
You thrive on raw meat.
You are immune to poison.
You have sharp fingernails.
You are carnivorous and can eat meat at any time.
Your flesh is cold resistant. (rC+)
You are immune to negative energy. (rN+++)
You do not regenerate when monsters are visible.
You are immune to unholy pain and torment.
You can survive without breathing.


Message History

You sock the worm!
The worm is severely wounded.
The worm misses you.
You hit the worm but do no damage.
The worm is severely wounded.
You hit the worm but do no damage.
The worm is severely wounded.
The worm bites you.
* * * LOW HITPOINT WARNING * * *
You hit the worm.
The worm is almost dead.
The worm misses you.
You closely miss the worm.
The worm is almost dead.
The worm bites you.
* * * LOW HITPOINT WARNING * * *
You closely miss the worm.
The worm is almost dead.
The worm bites you!
You die...

*,**,,,,****≈≈≈≈≈≈≈≈≈P...,,,,,,,,
*,**,,,,,,,,≈≈.≈≈≈≈.≈.P.,,,,,,,,,
*,*****,**,,≈≈≈≈≈≈≈≈.≈P#*,,,,,**,
*,,,,,,,**,,,≈≈,≈P≈....**,,,,,***
#########**,,,≈≈,≈rs≈P***,,,,,***
........# ***,,*,,.P.,* *,,,,,,,,
#######.# ******#†#** *,,,,,,,,
..# #.###########.# *,,,,,,,, ..#
#.........@ws.# ******,,,
..#***###############*********,,,
.7##,,,,,,,,,,,,,,,,,,,,,,,,,+,,,
.P≈#,*************************,,,
≈P77,* *,,, ≈P≈7,* *,,, ≈≈≈7**
**** ≈≈77 ****** ≈≈P7 *,,,,,


You could see a worm and a giant cockroach.

Vanquished Creatures
  2 adders (D:2)
  A dart slug (D:2)
  2 bats
  A giant cockroach (D:2)
  4 goblins
  3 hobgoblins
  A quokka (D:2)
  A frilled lizard (D:2)
  3 kobolds
  3 rats
21 creatures vanquished.

Notes
Turn   | Place    | Note
-------+----------+-------------------------------------------
     0 | D:1      | MrRokkomies the Ghoul Monk began the quest for the Orb.
     0 | D:1      | Reached XP level 1. HP: 19/19 MP: 0/0
   359 | D:1      | Reached XP level 2. HP: 26/26 MP: 1/1
   913 | D:2      | Reached XP level 3. HP: 20/33 MP: 2/2
  1030 | D:2      | Reached skill level 4 in Fighting
  1041 | D:2      | Slain by a worm

Levels and vault maps discovered:
D:1:      minmay_arrival_up_and_down, layout_loops_ring,
          chequers_serial_rivers_small_b
D:2:      layout_basic, serial_bayou, serial_bayou_crossing,
          serial_bayou_pond_a, serial_bayou_pond_b, serial_bayou_ford_a,
          uniq_robin

Skill      XL: |  1  2  3 |
---------------+----------+-----
Maces & Flails | 3 |  3.3
Dodging        | 3 |  3.0
Fighting       | 4 |  4.0
Stealth        | |  2.1

Action                   || total
-------------------------++-------
Melee: Mace              ||   102
  Use: Scroll            ||     4
  Eat: Chunk             ||    10
Armor: Robe              ||     3
       Scale mail        ||    28
Dodge: Dodged            ||    63

Table legend:
 A = Non-vault XP
 B = Vault XP
 C = Vault XP percentage of total XP
 D = Non-vault monster count
 E = Vault monster count
 F = Vault count percentage of total count
                 A         B        C        D         E       F
            +---------+---------+-------+---------+---------+-------
      Total |      40 |      18 |  31.0 |      16 |       5 |  23.8
            +---------+---------+-------+---------+---------+-------
        D:1 |      14 |       0 |   0.0 |       9 |       0 |   0.0
        D:2 |      26 |      18 |  40.9 |       7 |       5 |  41.7
            +---------+---------+-------+---------+---------+-------
